 Dungeon Sprint DCSS version 0.26-a0-712-ga5a9c9c9d0 (webtiles) character file.

Game seed: 14212667859137941635

30 sahdkjhfkaj the Chopper (level 3, -1/45 HPs)
             Began as a Human Berserker on Nov 1, 2020.
             Was an Elder of Trog.
             Slain by a flying skull (3 damage)
             ... in the Dungeon (Sprint VII: "The Pits").
             The game lasted 00:00:34 (339 turns).

sahdkjhfkaj the Chopper (Human Berserker)            Turns: 339, Time: 00:00:35

Health: -1/45      AC:  2    Str: 18    XL:     3   Next: 35%
Magic:  3/3        EV: 13    Int:  7    God:    Trog [****..]
Gold:   0          SH:  0    Dex: 12    Spells: 2/2 levels left

rFire    . . .     SeeInvis .   l - +2 hand axe
rCold    . . .     Faith    .   (no shield)
rNeg     . . .     Spirit   .   b - +0 animal skin
rPois    .         Reflect  .   (no helmet)
rElec    .         Harm     .   (no cloak)
rCorr    .         Rampage  .   (no gloves)
MR       .....     NoTele   +   (no boots)
Stlth    ..........             (no amulet)
HPRegen  0.15/turn              (no ring)
MPRegen  0.08/turn              (no ring)

@: berserking (expiring), lethally poisoned (-1 -> -4), very quick
A: no striking features
a: Berserk, Trog's Hand, Brothers in Arms, Renounce Religion


You were in the Dungeon.
You worshipped Trog.
Trog was greatly pleased with you.
You visited 1 branch

Inventory:

Hand Weapons
 l - a +2 hand axe (weapon)
Armour
 b - a +0 animal skin (worn)
Scrolls
 h - a scroll of blinking {!r}
 j - 3 scrolls of remove curse {!r}
 k - a scroll of summoning {!r}
Potions
 c - a potion of curing {!q}
 d - a potion of heal wounds {!q}
 e - a potion of haste {!q}
 f - 4 potions of magic {!q}
 g - 3 potions of berserk rage {!q}
 i - 2 potions of invisibility {!q}


   Skills:
 + Level 4.0 Fighting
 * Level 4.8 Axes
 + Level 3.2 Armour
 + Level 3.2 Dodging


You had 2 spell levels left.
You didn't know any spells.
Your spell library was empty.

Dungeon Overview and Level Annotations

Branches:
Dungeon (1/1)

Altars:
Ashenzari
Cheibriados
Dithmenos
Elyvilon
Fedhas
Gozag
Hepliaklqana
Kikubaaqudgha
Makhleb
Nemelex Xobeh
Okawaru
Qazlal
Ru
Sif Muna
Trog
Uskayaw
Vehumet
Wu Jian
Xom
Yredelemnul
Zin
The Shining One
Beogh
Jiyva
Lugonu


Message History

Trog accepts your kill.
You can now call in reinforcements.
The flying skull misses you.
Unknown command.
You hit the flying skull but do no damage.
The flying skull is moderately damaged.
The flying skull hits you!
* * * LOW HITPOINT WARNING * * *
The flying skull hits you.
* * * LOW HITPOINT WARNING * * *
You slash the flying skull!
The flying skull is severely damaged.
You feel sick. The flying skull hits you.
* * * LOW HITPOINT WARNING * * *
You closely miss the flying skull.
The flying skull is severely damaged.
The flying skull barely misses you.
You closely miss the flying skull.
The flying skull is severely damaged.
The flying skull hits you.
You die...

#.?(.')))'.##......#..
##########.##.........
#..........†'.........
#+#####†#####......#..
#...#.# #.........
#...#.# ####'#####
#...†.# #.......#
##'#### #.......#
#..@†.# #.......#
#..z..# #...<...#
#........ #.......#
#........##.......#
###########.......#
#########


You could see a flying skull.

Vanquished Creatures
  An adder (D)
  A river rat (D)
  An adder zombie (D)
  4 jackals (D)
  A quokka (D)
  A bat (D)
  2 rats (D)
11 creatures vanquished.

Notes
Turn   | Place    | Note
-------+----------+-------------------------------------------
     0 | D        | sahdkjhfkaj the Human Berserker began the quest for the
                  | Orb.
     0 | D        | Reached XP level 1. HP: 18/18 MP: 1/1
    24 | D        | Reached ** piety under Trog
   105 | D        | Found a bloodstained altar of Trog.
   105 | D        | Found a shimmering blue altar of Sif Muna.
   105 | D        | Found a viscous altar of Jiyva.
   105 | D        | Found a hazy altar of Hepliaklqana.
   105 | D        | Found an opulent altar of Gozag.
   106 | D        | Found a glowing golden altar of the Shining One.
   106 | D        | Found a glowing silver altar of Zin.
   106 | D        | Found a basalt altar of Yredelemnul.
   106 | D        | Found a shimmering altar of Xom.
   106 | D        | Found an ornate altar of the Wu Jian Council.
   106 | D        | Found a sacrificial altar of Ru.
   106 | D        | Found a stormy altar of Qazlal.
   106 | D        | Found an iron altar of Okawaru.
   106 | D        | Found a sparkling altar of Nemelex Xobeh.
   106 | D        | Found a burning altar of Makhleb.
   106 | D        | Found a blossoming altar of Fedhas.
   106 | D        | Found a white marble altar of Elyvilon.
   106 | D        | Found a shadowy altar of Dithmenos.
   106 | D        | Found a snail-covered altar of Cheibriados.
   107 | D        | Found a radiant altar of Vehumet.
   107 | D        | Found a corrupted altar of Lugonu.
   107 | D        | Found a roughly hewn altar of Beogh.
   108 | D        | Found a hide-covered altar of Uskayaw.
   108 | D        | Found an ancient bone altar of Kikubaaqudgha.
   108 | D        | Found a broken altar of Ashenzari.
   143 | D        | Reached XP level 2. HP: 24/24 MP: 2/2
   298 | D        | Reached *** piety under Trog
   330 | D        | Noticed a flying skull
   332 | D        | Reached XP level 3. HP: 30/30 MP: 3/3
   335 | D        | Reached **** piety under Trog
   337 | D        | HP: 1/45 [flying skull (3)]
   339 | D        | Slain by a flying skull

Illustrated notes

Levels and vault maps discovered:
D:        pitsprint [storerooms_1, entrance_room_1, metal_vault_3, armoury_2,
          mini_pit_1, grid_room_1, main_hall_1, silver_pit, the_coven_2,
          the_vestibule_1, steel_vault_4, golden_pit, hallway_of_sentries,
          crystal_vault_2, iron_vault_5, final_vault]

Skill      XL: |  1  2  3 |
---------------+----------+-----
Axes           | 4 |  4.8
Armour         | 3 |  3.2
Dodging        | 3 |  3.2
Fighting       | 4 |  4.0

Action                   || total
-------------------------++-------
Melee: Hand axe          ||    28
Invok: Berserk           ||     4
Armor: Animal skin       ||     3
Dodge: Dodged            ||    21

Table legend: (Time is in decaauts)
 A = Elapsed time spent in this place.
 B = Non-inter-level travel time spent in this place.
 C = Inter-level travel time spent in this place.
 D = Time resting spent in this place.
 E = Time spent auto-exploring this place.
 F = Levels seen in this place.
 G = Mean time per level.
                   A        B        C        D        E       F      G
               +--------+--------+--------+--------+--------+-----+--------+
         Total |    368 |    368 |      0 |    275 |      0 |   1 |  368.0 |
       Dungeon |    368 |    368 |      0 |    275 |      0 |   1 |  368.0 |
               +--------+--------+--------+--------+--------+-----+--------+

Top non-repeatable levels by time:
       D: 368 daAuts
